 Dungeon Sprint DCSS version 0.27-a0-1140-g099f9bb0e8 (webtiles) character file.

Game seed: 16587875352211337874

29 mhtbhm the Firebug (level 3, -2/19 HPs)
             Began as a Deep Elf Fire Elementalist on May 9, 2021.
             Was a Believer of Vehumet.
             Shot with an arrow by a centaur (12 damage)
             ... in the Dungeon (Sprint VII: "The Pits").
             The game lasted 00:01:58 (778 turns).

mhtbhm the Firebug (Deep Elf Fire Elementalist)      Turns: 778, Time: 00:01:58

Health: -2/19      AC:  2    Str:  5    XL:     3   Next: 1%
Magic:  11/11      EV: 13    Int: 20    God:    Vehumet [**....]
Gold:   0          SH:  0    Dex: 15    Spells: 6/11 levels left

rFire    . . .     SeeInvis .   k - +2 trident (vamp)
rCold    . . .     Faith    .   (no shield)
rNeg     . . .     Spirit   .   a - +0 robe
rPois    .         Reflect  .   (no helmet)
rElec    .         Harm     .   (no cloak)
rCorr    .         Rampage  .   (no gloves)
Will     .....     NoTele   +   (no boots)
Stlth    ++........             (no amulet)
HPRegen  0.06/turn              (no ring)
MPRegen  0.12/turn              (no ring)

@: no status effects
A: no striking features
a: Renounce Religion


You were in the Dungeon.
You worshipped Vehumet.
Vehumet was pleased with you.
You visited 1 branch

Inventory:

Hand Weapons
 k - a +2 vampiric trident (weapon)
Armour
 a - a +0 robe (worn)
Scrolls
 i - 5 scrolls of amnesia
 j - a scroll of summoning
Potions
 b - 2 potions of invisibility
 c - a potion of curing
 e - a potion of haste
 f - 4 potions of magic
 g - 3 potions of berserk rage


   Skills:
 + Level 3.5 Dodging
 - Level 3.0 Stealth
 + Level 4.9 Spellcasting
 + Level 2.0 Conjurations
 + Level 5.6 Fire Magic


You had 6 spell levels left.
You knew the following spells:

 Your Spells              Type           Power      Damage    Failure   Level
a - Foxfire               Conj/Fire      80%        2x1d8     2%          1
b - Magic Dart            Conj           52%        1d5       4%          1
c - Inner Flame           Hex/Fire       16%        N/A       11%         3

Your spell library contained the following spells:

 Spells                   Type           Power      Damage    Failure   Level
 Conjure Flame            Conj/Fire      20%        6-21      8%          3
 Sticky Flame             Conj/Fire      20%        2d4       24%         4
 Fireball                 Conj/Fire      10%        3d6       56%         5


Dungeon Overview and Level Annotations

Branches:
Dungeon (1/1)

Altars:
Ashenzari
Cheibriados
Dithmenos
Elyvilon
Fedhas
Gozag
Hepliaklqana
Kikubaaqudgha
Makhleb
Nemelex Xobeh
Okawaru
Qazlal
Ru
Sif Muna
Trog
Uskayaw
Vehumet
Wu Jian
Xom
Yredelemnul
Zin
The Shining One
Beogh
Jiyva
Lugonu


Message History

Unknown command.
This spell is extremely dangerous to cast!
Memorise Inner Flame, consuming 3 spell levels and leaving 6?
You start memorising the spell.
You continue memorising. x3
You finish memorising.
Spell assigned to 'c'.
Unknown command.
You start resting.
A rat comes into view.
A rat is nearby!
Things that are here:
a +0 flail; a gnoll corpse
There is an open door to the Storerooms (Easy) here.
Casting: Foxfire (safe; 2% risk of failure)
Confirm with . or Enter, or press ? or * to list all spells.
You conjure some foxfire!
Unknown command.
Casting: Foxfire (safe; 2% risk of failure)
Confirm with . or Enter, or press ? or * to list all spells.
You conjure some foxfire!
The foxfire hits the rat.
The rat is moderately wounded.
The foxfire hits the rat.
You kill the rat!
Vehumet accepts your kill.
You feel your power returning.
You start resting.
Your foxfire dissipates!
You start resting.
Magic restored.
You see here a +0 club.
You start resting.
HP restored.
There is an open door here.
There is an open door here.
A centaur comes into view.
There is an open door here.
The centaur shouts!
The centaur wields a +0 shortbow.
The centaur shoots an arrow.
The arrow hits you!
The centaur shoots an arrow.
The arrow hits you!
Ouch! That really hurt!
You die...

#.?(.')))'.##......#.
##########.##........
#.........).'.)......
#+#####'#####......#.
#...#.# #........
#...#.# ####'####
#...'.# #.......#
##'#### #.......#
#.@...# #.......#
#.....# #...<...#
#......c.##.......#
#........##.......#
###########.......#
#########


You could see a centaur.

Vanquished Creatures
  2 gnolls (D)
  An adder skeleton (D)
  An endoplasm (D)
  2 giant cockroaches (D)
  A hobgoblin (D)
  A rat (D)
8 creatures vanquished.

Vanquished Creatures (others)
  32 foxfires (D)
32 creatures vanquished.

Grand Total: 40 creatures vanquished

Notes
Turn   | Place    | Note
-------+----------+-------------------------------------------
     0 | D        | mhtbhm the Deep Elf Fire Elementalist began the quest for
                  | the Orb.
     0 | D        | Reached XP level 1. HP: 10/10 MP: 6/6
   137 | D        | Found a bloodstained altar of Trog.
   137 | D        | Found a shimmering blue altar of Sif Muna.
   137 | D        | Found a viscous altar of Jiyva.
   137 | D        | Found a hazy altar of Hepliaklqana.
   137 | D        | Found an opulent altar of Gozag.
   138 | D        | Found a glowing golden altar of the Shining One.
   138 | D        | Found a glowing silver altar of Zin.
   138 | D        | Found a basalt altar of Yredelemnul.
   138 | D        | Found a shimmering altar of Xom.
   138 | D        | Found an ornate altar of the Wu Jian Council.
   138 | D        | Found a sacrificial altar of Ru.
   138 | D        | Found a stormy altar of Qazlal.
   138 | D        | Found an iron altar of Okawaru.
   138 | D        | Found a sparkling altar of Nemelex Xobeh.
   138 | D        | Found a burning altar of Makhleb.
   138 | D        | Found a blossoming altar of Fedhas.
   138 | D        | Found a white marble altar of Elyvilon.
   138 | D        | Found a shadowy altar of Dithmenos.
   138 | D        | Found a snail-covered altar of Cheibriados.
   141 | D        | Found a corrupted altar of Lugonu.
   141 | D        | Found a radiant altar of Vehumet.
   142 | D        | Found an ancient bone altar of Kikubaaqudgha.
   142 | D        | Found a hide-covered altar of Uskayaw.
   142 | D        | Found a broken altar of Ashenzari.
   152 | D        | Became a worshipper of Vehumet
   201 | D        | Reached skill level 4 in Fire Magic
   201 | D        | Reached XP level 2. HP: 6/15 MP: 2/8
   394 | D        | Reached * piety under Vehumet
   394 | D        | Offered knowledge of Freeze by Vehumet.
   395 | D        | Reached skill level 5 in Fire Magic
   622 | D        | Offered knowledge of Magic Dart by Vehumet.
   622 | D        | Reached ** piety under Vehumet
   623 | D        | Reached XP level 3. HP: 10/19 MP: 6/11
   663 | D        | Learned a level 1 spell: Magic Dart
   667 | D        | Learned a level 3 spell: Inner Flame
   777 | D        | Noticed a centaur
   778 | D        | Shot with an arrow by a centaur

Illustrated notes

Levels and vault maps discovered:
D:        pitsprint [storerooms_1, entrance_room_1, metal_vault_5, armoury_3,
          mini_pit_1, grid_room_1, main_hall_1, silver_pit, the_coven_3,
          the_vestibule_1, steel_vault_5, golden_pit, hallway_of_sentries,
          crystal_vault_1, iron_vault_4, final_vault]

Skill      XL: |  1  2 |
---------------+-------+-----
Dodging        | 3 |  3.5
Fire Magic     | 4 5 |  5.6
Spellcasting   | 4 |  4.9
Stealth        | 3 |  3.0
Conjurations   | 2 |  2.0

Action                   || total
-------------------------++-------
 Cast: Foxfire           ||    23
  Use: Scroll            ||     1
       Potion            ||     1
Dodge: Dodged            ||     8

Table legend: (Time is in decaauts)
 A = Elapsed time spent in this place.
 B = Non-inter-level travel time spent in this place.
 C = Inter-level travel time spent in this place.
 D = Time resting spent in this place.
 E = Time spent auto-exploring this place.
 F = Levels seen in this place.
 G = Mean time per level.
                   A        B        C        D        E       F      G
               +--------+--------+--------+--------+--------+-----+--------+
         Total |    777 |    777 |      0 |    587 |      0 |   1 |  777.0 |
       Dungeon |    777 |    777 |      0 |    587 |      0 |   1 |  777.0 |
               +--------+--------+--------+--------+--------+-----+--------+

Top non-repeatable levels by time:
       D: 777 daAuts
